 Dungeon Crawl Stone Soup version 0.26.1-11-gd32895ea62 (webtiles) character file.

Game seed: 7807464549484937279

65 Zeld the Skirmisher (level 4, -3/31 HPs)
             Began as an Octopode Fighter on May 10, 2021.
             Shot with an arrow by a centaur (7 damage)
             ... on level 3 of the Dungeon.
             The game lasted 00:02:01 (1718 turns).

Zeld the Skirmisher (Octopode Fighter)              Turns: 1718, Time: 00:02:02

Health: -3/31      AC:  1    Str: 16    XL:     4   Next: 14%
Magic:  4/4        EV: 11    Int: 10    God:
Gold:   148        SH:  9    Dex: 11    Spells: 3/3 levels left

rFire    . . .     SeeInvis .   a - +0 war axe
rCold    . . .     Faith    .   b - +0 kite shield
rNeg     . . .     Spirit   .   (helmet restricted)
rPois    .         Reflect  .   (no amulet)
rElec    .         Harm     .   (no ring)
rCorr    .         Rampage  .   (no ring)
Will     .....                  (no ring)
Stlth    ++........             (no ring)
HPRegen  0.10/turn              (no ring)
MPRegen  0.09/turn              (no ring)
                                (no ring)
                                (no ring)

@: no status effects
A: almost no armour, stealthy swim, amphibious, 8 rings, constrict 8, camouflage
1, gelatinous body 1
a: no special abilities


You were on level 3 of the Dungeon.
You visited 1 branch of the dungeon, and saw 3 of its levels.

You collected 148 gold pieces.

Inventory:

Hand Weapons
 a - a +0 war axe (weapon)
Missiles
 j - 14 poisoned darts (quivered)
Armour
 b - a +0 kite shield (worn)
Jewellery
 n - an uncursed ring of protection from cold {unknown}
 o - an uncursed ring of positive energy {unknown}
 p - an uncursed amulet of regeneration {unknown}
Scrolls
 d - a scroll of remove curse {unknown}
 e - a scroll of fog {unknown}
 g - 4 scrolls of teleportation {unknown}
 k - a scroll of enchant weapon {unknown}
 l - 2 scrolls of identify {unknown}
 m - a scroll of enchant armour {unknown}
Potions
 c - a potion of might
 f - 3 potions of curing {unknown}
 h - a potion of invisibility {unknown}
 i - a potion of haste {unknown}
 q - a potion of flight {unknown}


   Skills:
 - Level 3.4 Fighting
 - Level 2.6 Axes
 * Level 1.9 Throwing
 - Level 3.0 Dodging
 - Level 3.4 Shields


You had 3 spell levels left.
You didn't know any spells.
Your spell library was empty.

Dungeon Overview and Level Annotations

Branches:
Dungeon (3/15)

Altars:


Innate Abilities, Weirdness & Mutations

You cannot wear most types of armour.
You are very stealthy in the water. (Stealth+)
You are amphibious.
You can wear up to eight rings at the same time.
You can use your tentacles to constrict eight enemies at once.
Your skin changes colour to match your surroundings (Stealth+).
Your rubbery body absorbs attacks. (AC +1, EV +1)


Message History

No target in view!
Found a robe.
Found a stone staircase leading down.
p - a dented brass amulet You see here a robe.
q - a black potion A centaur comes into view.
The centaur shouts!
You hear a shout!
The centaur wields a +0 shortbow.
The centaur shoots an arrow.
The arrow hits you!
You see here an arrow.
The centaur shoots an arrow.
The arrow hits you!
You see here an arrow.
You are too injured to fight recklessly!
You are too injured to fight recklessly!
You are too injured to fight recklessly!
The centaur shoots an arrow.
The arrow hits you!
* * * LOW HITPOINT WARNING * * *
A goblin comes into view. It is wielding a +0 dagger.
The centaur shoots an arrow.
The arrow hits you!
You die...

#....#
###
####.#
#.# #.#
#.# #.#
#.#
#.#######
#....@(.#
#######.#
..# .#..
...gc ##
###


You could see a centaur and a goblin (wandering).

Vanquished Creatures
  An adder (D:2)
  A gnoll (D:1)
  An ooze (D:2)
  An orc (D:2)
  5 bats
  A giant cockroach (D:1)
  4 goblins
  2 hobgoblins (D:1)
  5 jackals (D:1)
  7 kobolds
  8 frilled lizards
  5 rats
41 creatures vanquished.

Notes
Turn   | Place    | Note
-------+----------+-------------------------------------------
     0 | D:1      | Zeld the Octopode Fighter began the quest for the Orb.
     0 | D:1      | Reached XP level 1. HP: 16/16 MP: 1/1
    25 | D:1      | Reached XP level 2. HP: 21/21 MP: 2/2
   421 | D:1      | Reached XP level 3. HP: 25/26 MP: 3/3
   974 | D:2      | Reached skill level 1 in Throwing
  1377 | D:2      | Found a faded altar of an unknown god.
  1440 | D:2      | Reached XP level 4. HP: 31/31 MP: 4/4
  1716 | D:3      | Noticed a centaur
  1718 | D:3      | Shot with an arrow by a centaur

Illustrated notes

Levels and vault maps discovered:
D:1:      evilmike_arrival_home_sweet_home, layout_rooms
D:2:      layout_loops_ring, chequers_ecumenical_altar_lobes, minmay_tripent
D:3:      layout_loops_ring, nicolae_overflow_hidden_temple, uniq_purgy

Skill      XL: |  1  2  3 |
---------------+----------+-----
Throwing       | 1 |  1.9
Fighting       | |  3.4
Axes           | |  2.6
Dodging        | |  3.0
Shields        | |  3.4

Action                   |  1- 3 |  4- 6 || total
-------------------------+-------+-------++-------
Melee: War axe           |    54 |    17 ||    71
       Tentacles         |    10 |     3 ||    13
       Constrict         |    14 |     5 ||    19
 Stab: Sleeping          |     7 |     1 ||     8
Armor: Skin              |     5 |       ||     5
Dodge: Dodged            |    24 |     7 ||    31
Block: Kite shield       |    28 |     8 ||    36
